 Dungeon Crawl Stone Soup version 0.21.1-1-g345015f (webtiles) character file.

192222 troglodite the Peltast (level 17, -11/124 HPs)
             Began as a Demonspawn Berserker on Mar 27, 2018.
             Was the Champion of Trog.
             Mangled by a phantasmal warrior (21 damage)
             ... summoned by a lich
             ... on level 4 of the Abyss on Mar 28, 2018.
             The game lasted 02:10:07 (35122 turns).

troglodite the Peltast (Demonspawn Berserker)      Turns: 35122, Time: 02:10:09

Health: -11/124    AC: 32    Str: 14 (15) XL:     17   Next: 60%
Magic:  12/12      EV: 11    Int:  4 (10) God:    Trog [******]
Gold:   1943       SH: 18    Dex: 25      Spells: 16/16 levels left

rFire    . . .     SeeInvis +   K - +11 double sword of Puehulash {venom, Int+2}
rCold    + + +     Gourm    .   M - +3 buckler "Kaoq" {+Blink rC+}
rNeg     + . .     Faith    .   d - +3 plate armour {rN+}
rPois    +         Spirit   .   (helmet unavailable)
rElec    .         Reflect  .   A - +2 cloak {rC+}
rCorr    .         Harm     .   l - +2 pair of gloves
MR       +....     Rnd*Rage +   a - +0 pair of boots
Stlth    ..........             k - amulet "Puguyki" {RegenMP Dex+3 Stlth+}
HPRegen  0.30/turn              b - ring "Tage Hor" {rPois Dex+3 SInv}
MPRegen  0.38/turn              Y - ring of flight

@: about to teleport, berserk cooldown, slowed, drained, very slow
A: horns 3, large bone plates 2, [berserk 2], cold resistance 1, [deformed
body], [deterioration 2], [frail 1], foul stench 1, icemail, [low mp 3],
[screaming 2], [weak 2], rot immunity, freezing cloud immunity, [MP-powered
wands]
}: 1/15 runes: barnacled
a: Berserk, Trog's Hand, Brothers in Arms, Burn Spellbooks, Renounce Religion,
Evoke Blink, Evoke Flight


You were on level 4 of the Abyss.
You worshipped Trog.
Trog was exalted by your worship.
You were hungry.

You visited 5 branches of the dungeon, and saw 27 of its levels.
You visited the Abyss 1 time.
You also visited: Labyrinth and Ice Cave.

You collected 2518 gold pieces.
You spent 575 gold pieces at shops.

Inventory:

Hand Weapons
 B - a +2 scimitar of flaming
 E - a +3 demon blade of venom
 F - the +6 long sword "Iliw Abb" {freeze, rN+ MR+}
   (You took it off Maurice on level 10 of the Dungeon)

   It has been specially enchanted to freeze those struck by it, causing extra
   injury to most foes and up to half again as much damage against particularly
   susceptible opponents.
   It can also slow down cold-blooded creatures.
   It protects you from negative energy.
   It affects your resistance to hostile enchantments.
 I - the +10 scimitar of the Extremely Mad {chaos, +Inv rC- Stlth+}
   (Trog gifted it to you on level 1 of the Lair of Beasts)

   Each time it hits an enemy it has a different, random effect.
   It makes you vulnerable to cold.
   It lets you turn invisible.
   It makes you more stealthy.
 K - the +11 double sword of Puehulash (weapon) {venom, Int+2}
   (Trog gifted it to you on level 2 of the Spider Nest)

   It poisons the flesh of those it strikes.
   It affects your intelligence (+2).
Armour
 a - a +0 pair of boots (worn)
 d - a +3 plate armour of positive energy (worn)
 l - a +2 pair of gloves (worn)
 o - a +0 large shield of poison resistance
 A - a +2 cloak of cold resistance (worn)
 M - the +3 buckler "Kaoq" (worn) {+Blink rC+}
   (You found it on level 4 of the Lair of Beasts)

   It protects you from cold.
   It lets you blink.
 O - a scarf of spirit shield
 T - the cursed -5 pair of gloves of Toakiafo {+Fly rC- Slay+6}
   (You found it in a labyrinth)

   It affects your accuracy and damage with ranged weapons and melee attacks
   (+6).
   It makes you vulnerable to cold.
   It lets you fly.
   It has a curse placed upon it.
 U - the +3 leather armour of Divine Intervention {Regen+ Str+6 Int+2 Slay+2}
   (You found it in a labyrinth)

   It affects your strength (+6).
   It affects your intelligence (+2).
   It affects your accuracy and damage with ranged weapons and melee attacks
   (+2).
   It increases your rate of regeneration.
Jewellery
 b - the ring "Tage Hor" (left hand) {rPois Dex+3 SInv}
   (You bought it in a shop on level 2 of the Orcish Mines)

   [ring of see invisible]

   It affects your dexterity (+3).
   It protects you from poison.
   It lets you see invisible.
 k - the amulet "Puguyki" (around neck) {RegenMP Dex+3 Stlth+}
   (You acquired it on level 6 of the Lair of Beasts)

   [amulet of magic regeneration]

   It increases your magic regeneration.
   It affects your dexterity (+3).
   It makes you more stealthy.
 m - an uncursed ring of magical power
 w - an uncursed ring of positive energy
 z - a +4 ring of protection
 J - the ring of Uniwnusm {Ice Str+4 Int+3}
   (You found it on level 4 of the Shoals)

   [ring of ice]

   It enhances your ice magic.
   It affects your strength (+4).
   It affects your intelligence (+3).
   It makes you vulnerable to fire.
   It protects you from cold.
 N - an uncursed ring of resist corrosion
 R - an uncursed ring of positive energy
 V - a +2 ring of evasion
 Y - a ring of flight (right hand)
Scrolls
 g - 3 scrolls of magic mapping
 j - 2 scrolls of fog
 r - 7 scrolls of enchant weapon
 s - 10 scrolls of remove curse
 x - a scroll of fear
 D - 3 scrolls of teleportation
 L - a scroll of silence
 Q - a scroll of enchant armour
 W - a scroll of summoning
 X - a scroll of blinking
Potions
 e - 4 potions of cancellation
 f - 3 potions of agility
 h - 7 potions of heal wounds
 i - 7 potions of curing
 n - a potion of magic
 p - a potion of invisibility
 t - 2 potions of brilliance
 u - 4 potions of might
 v - 2 potions of berserk rage
 C - 4 potions of lignification
 H - a potion of mutation
 P - 2 potions of haste
 S - 3 potions of resistance
Comestibles
 c - 24 rations
 q - 8 chunks of flesh


   Skills:
 * Level 13.6(13.4) Fighting
 + Level 13.3(13.1) Long Blades
   Level 1.5(2.0) Axes
   Level 2.2(2.3) Polearms
 * Level 12.4(12.2) Armour
 * Level 11.6(11.4) Dodging
 + Level 4.2(4.0) Stealth
 * Level 15.8(15.5) Shields
 + Level 1.1(0.9) Evocations


You had 16 spell levels left.
You didn't know any spells.

Dungeon Overview and Level Annotations

Branches:
Dungeon (12/15)            Temple (0/1) D:6            Lair (6/6) D:9
 Shoals (4/4) Lair:4       Spider (3/4) Lair:3        Slime (0/5) Lair:6
    Orc (2/2) D:9             Elf (0/3) Orc:2

Altars:
Cheibriados
Okawaru
Trog
Beogh

Shops:
D:5 !   D:10 *   Orc:1 :   Orc:2 [*(=

Portals:
Trove: D:12 (give +5 demon blade)


Innate Abilities, Weirdness & Mutations

You have a pair of large horns on your head.
You are mostly covered in large bone plates. (SH +6)
Your flesh is cold resistant. (rC+)
You may emit foul miasma when damaged in melee.
A meltable icy envelope protects you from harm. (AC +10)
You are immune to rotting.
You are immune to freezing clouds.
[You often lose your temper in combat.]
[Armour fits poorly on your strangely shaped body.]
[Your body often deteriorates upon taking damage.]
[You are frail. (-10% HP)]
[Your magical capacity is extremely low. (-30% MP)]
[You sometimes yell uncontrollably at your foes.]
[You are very weak. (Str -4)]
[You expend magic power (3 MP) to strengthen your wands.]


Message History

* * * LOW HITPOINT WARNING * * *
You block the manticore's attack.
The manticore claws you but does no damage.
The insubstantial wisp blinks!
You slice the lich!!
You headbutt the lich, but do no damage.
The lich is moderately damaged.
The spatial maelstrom closely misses you.
You riposte.
You slash the spatial maelstrom!
The spatial maelstrom is lightly damaged.
You block the spatial maelstrom's attack.
You block the spatial vortex's attack.
The lich gestures at you while chanting.
You feel haunted.
The ynoxinul gestures.
The manticore bites you!
* * * LOW HITPOINT WARNING * * *
The manticore claws you but does no damage.
You block the manticore's attack. The phantasmal warrior hits you!!
You die... vv

. v . .###v
v./v # #hv##
#.##5##WW## #
...553HLvx####§
#. #5##@W##§#
##v###.# #####
§# #


You could see a lich, a spatial maelstrom, 8 spatial vortices, a manticore
shaped shifter, a phantasmal warrior, a freezing wraith, a raiju, a ynoxinul, a
wraith, a small abomination and 3 ufetubi.

Vanquished Creatures
  Arachne (Spider:2)
  A bone dragon (Abyss:4)
  A lich (Abyss:4)
  Jorgrun (Spider:2)
  An Executioner (Abyss:4)
  Kirke (Spider:2)
  The ghost of xccam the Fencer, an adept MiMo of Ru (Shoals:3)
  2 krakens
  Agnes (Spider:2)
  Ilsuiw (Shoals:4)
  An emperor scorpion (Spider:1)
  Louise (Spider:1)
  A ghost moth (Spider:3)
  A very ugly thing (Abyss:4)
  The ghost of
  1994 the Grappler, a journeyman DrTm of Okawaru (Spider:1)
  An entropy weaver (Spider:1)
  Nessos (Orc:2)
  A spark wasp (Spider:3)
  2 blizzard demons (IceCv)
  An ettin (Orc:1)
  10 merfolk javelineers
  7 merfolk impalers
  A minotaur (Lab)
  Fannar (Lair:3)
  7 hydras
  Erolcha (D:10)
  3 merfolk avatars
  A catoblepas (Lair:5)
  3 merfolk aquamancers
  4 alligator snapping turtles
  A satyr (Shoals:4)
  6 two-headed ogres
  An orc high priest (Orc:2)
  3 thrashing horrors (Abyss:4)
  13 spriggans (Lair:6)
  3 wretched stars (Abyss:4)
  11 sea snakes
  A glowing orange brain (Shoals:4)
  10 harpies
  4 orc knights (Orc:2)
  4 large abominations (Abyss:4)
  A frost giant zombie (Abyss:4)
  11 orb spiders
  10 wolf spiders
  10 manticores
  9 fauns
  4 cyclopes
  An orc sorcerer (Orc:1)
  4 elephants (Lair:5)
  5 black mambas
  5 water nymphs
  A torpor snail (Spider:2)
  8 merfolk sirens
  An ice statue (IceCv)
  Maurice (D:10)
  An eye of devastation (Lair:6)
  The ghost of baljet the Chopper, a novice HOFi (D:4)
  Psyche (D:8)
  A smoke demon (Abyss:4)
  A gargoyle (D:11)
  8 spiny frogs
  3 centaur skeletons
  2 komodo dragons
  6 anaconda simulacra (IceCv)
  8 demonic crawlers
  3 freezing wraiths (IceCv)
  An ancient zyme (Abyss:4)
  A golden dragon simulacrum (IceCv)
  6 ice devils (IceCv)
  26 jumping spiders
  4 trolls
  A minotaur zombie (Lab)
  The ghost of bmj180 the Slasher, an amateur MiFi (D:3)
  5 wind drakes
  31 merfolk
  4 polar bears (Lair:6)
  26 blink frogs
  4 raiju (Abyss:4)
  4 hornets (Lair:6)
  20 dream sheep
  10 snapping turtles
  11 hippogriffs
  A shadow (D:11)
  15 tarantellas
  28 redbacks
  A dire elephant simulacrum (IceCv)
  4 wyverns
  21 yaks
  A hog (Spider:2)
  4 basilisks
  9 water elementals
  3 steam dragons (D:9)
  A golden eye (shapeshifter) (Lair:1)
  5 hungry ghosts
  A chaos spawn (Abyss:4)
  A death yak simulacrum (IceCv)
  A fire elemental (Orc:2)
  A neqoxec (Abyss:4)
  Menkaure (D:6)
  5 harpy simulacra (IceCv)
  A spatial vortex (Abyss:4)
  3 wargs
  2 small abominations (Abyss:4)
  9 porcupines
  5 hell hounds
  Duvessa (D:4)
  27 water moccasins
  3 hydra simulacra (IceCv)
  24 orc warriors
  A sky beast (D:12)
  3 black bears (Lair:6)
  2 starcursed masses (Abyss:4)
  An alligator simulacrum (IceCv)
  2 ice beasts
  23 wolves
  6 ogres
  An eye of draining (Lair:6)
  3 boggarts (Lair:6)
  8 centaurs
  3 crocodiles
  4 big kobolds
  Blork the orc (D:6)
  14 bullfrogs
  An earth elemental (Abyss:4)
  5 scorpions
  Dowan (D:4)
  A water moccasin skeleton (D:7)
  6 killer bees (D:8)
  5 howler monkeys
  2 electric eels
  6 crimson imps
  2 quasits
  4 draconian simulacra (IceCv)
  4 hounds
  19 orc wizards
  Crazy Yiuf (D:3)
  16 orc priests
  A bullfrog skeleton (D:8)
  3 iguanas
  10 worker ants
  A polar bear simulacrum (IceCv)
  A troll simulacrum (IceCv)
  2 wolf simulacra (IceCv)
  2 centaur simulacra (IceCv)
  A hound skeleton (D:11)
  A howler monkey zombie (D:6)
  A worker ant zombie (D:11)
  7 gnolls
  4 howler monkey skeletons
  21 adders
  3 naga simulacra (IceCv)
  2 shadow imps
  2 white imps (IceCv)
  8 ufetubi (IceCv)
  5 oozes
  2 adder skeletons
  2 dart slugs
  6 leopard geckos
  61 orcs
  4 giant cockroaches
  3 goblins (D:2)
  A hobgoblin (D:2)
  4 jackals
  7 quokkas
  A ball python (D:3)
  4 bats
  2 frilled lizards
  10 kobolds
  6 rats
  2 fungi (D:3)
  6 plants
  5 tentacles
902 creatures vanquished.

Vanquished Creatures (collateral kills)
  Saint Roka (Orc:2)
  The ghost of troglodite the Fighter, a journeyman DsBe of Trog (Orc:2)
  Azrael (Orc:2)
  An orc high priest (Orc:2)
  2 orc sorcerers (Orc:2)
  2 elephants (Lair:5)
  A demonic crawler (Spider:2)
  A troll (Orc:2)
  A water elemental (Shoals:4)
  A warg (Orc:2)
  3 hell hounds (Orc:2)
  12 orc warriors (Orc:2)
  2 orc priests (Orc:2)
  3 orc wizards (Orc:2)
  An orc (Orc:2)
33 creatures vanquished.

Vanquished Creatures (others)
  A large abomination (Abyss:4)
  A demonic crawler (Spider:2)
  A redback (Spider:2)
  6 humans (Spider:2)
  A small abomination (Abyss:4)
  A white imp (IceCv)
  A ball lightning (Spider:3)
  An orc (D:9)
  A fire vortex (Shoals:3)
  16 fungi
  A lurking horror (Abyss:4)
  17 plants
  38 tentacles
86 creatures vanquished.

Grand Total: 1021 creatures vanquished

Notes
Turn   | Place    | Note
-------+----------+-------------------------------------------
     0 | D:1      | troglodite the Demonspawn Berserker began the quest for the Orb.
     0 | D:1      | Reached XP level 1. HP: 18/18 MP: 1/1
   101 | D:1      | Gained mutation: You have a pair of small horns on your head. [demonic ancestry]
   101 | D:1      | Reached XP level 2. HP: 2/24 MP: 2/2
   912 | D:2      | Gained mutation: You have a pair of horns on your head. [demonic ancestry]
   912 | D:2      | Reached XP level 3. HP: 7/29 MP: 3/3
  1297 | D:2      | Gained mutation: You are immune to rotting. [demonic ancestry]
  1297 | D:2      | Reached XP level 4. HP: 27/37 MP: 4/4
  1442 | D:2      | Reached ** piety under Trog
  1865 | D:3      | Reached XP level 5. HP: 42/42 MP: 5/5
  1923 | D:3      | Noticed bmj180's ghost (amateur MiFi)
  1940 | D:3      | Killed bmj180's ghost
  1940 | D:3      | Reached skill level 1 in Shields
  1940 | D:3      | Gained mutation: Your flesh is cold resistant. (rC+) [demonic ancestry]
  1940 | D:3      | Reached XP level 6. HP: 49/49 MP: 6/6
  2142 | D:3      | Found a snail-covered altar of Cheibriados.
  2320 | D:3      | Found a runed door.
  2324 | D:3      | Noticed Crazy Yiuf
  2329 | D:3      | Killed Crazy Yiuf
  2731 | D:4      | Noticed Dowan
  2732 | D:4      | Noticed Duvessa
  2741 | D:4      | Killed Dowan
  2741 | D:4      | Reached XP level 7. HP: 55/55 MP: 7/7
  2748 | D:4      | Killed Duvessa
  3291 | D:4      | Noticed baljet's ghost (novice HOFi)
  3297 | D:4      | Killed baljet's ghost
  3297 | D:4      | Reached skill level 5 in Fighting
  3297 | D:4      | Reached skill level 2 in Shields
  3384 | D:4      | Gained mutation: You are immune to freezing clouds. [demonic ancestry]
  3384 | D:4      | Reached XP level 8. HP: 55/62 MP: 8/8
  3602 | D:5      | Entered Level 5 of the Dungeon
  3710 | D:5      | Reached *** piety under Trog
  4096 | D:5      | Found Videu's Distillery.
  4103 | D:5      | Bought a potion of curing for 33 gold pieces
  4103 | D:5      | Bought a potion of heal wounds for 55 gold pieces
  4440 | D:6      | Found a staircase to the Ecumenical Temple.
  4459 | D:6      | Noticed Blork the orc
  4464 | D:6      | Reached skill level 5 in Long Blades
  4468 | D:6      | Killed Blork the orc
  4468 | D:6      | Reached skill level 3 in Shields
  4589 | D:6      | Reached skill level 5 in Armour
  5119 | D:6      | Noticed Menkaure
  5125 | D:6      | Killed Menkaure
  5405 | D:7      | Reached skill level 1 in Stealth
  5405 | D:7      | Reached skill level 4 in Shields
  5405 | D:7      | Reached XP level 9. HP: 70/70 MP: 9/9
  5407 | D:7      | Reached skill level 5 in Dodging
  6345 | D:8      | Reached skill level 5 in Shields
  6375 | D:8      | Reached **** piety under Trog
  6888 | D:8      | Noticed Psyche
  6894 | D:8      | Killed Psyche
  7057 | D:8      | Reached XP level 10. HP: 79/79 MP: 10/10
  7454 | D:9      | Found a staircase to the Orcish Mines.
  7461 | D:9      | Found a staircase to the Lair.
  7638 | D:9      | Reached skill level 6 in Shields
  7828 | D:9      | Found a bloodstained altar of Trog.
  8036 | D:9      | Reached ***** piety under Trog
  8210 | D:9      | Noticed a three-headed hydra
  8216 | D:9      | Killed a one-headed hydra
  8370 | D:10     | Entered Level 10 of the Dungeon
  8539 | D:10     | Noticed Erolcha
  8551 | D:10     | Killed Erolcha
  8551 | D:10     | Reached skill level 7 in Shields
  8640 | D:10     | Got a translucent trident
  8641 | D:10     | Identified the +5 trident of the Vaults {pierce, Int-5 Dex+5} (You found it on level 10 of the Dungeon)
  8683 | D:10     | Noticed Maurice
  8693 | D:10     | Paralysed by Maurice for 4 turns
  8699 | D:10     | Paralysed by something for 4 turns
  9153 | D:10     | Noticed a two-headed ogre
  9159 | D:10     | Killed a two-headed ogre
  9159 | D:10     | Gained mutation: A meltable icy envelope protects you from harm. (AC +10) [demonic ancestry]
  9159 | D:10     | Reached XP level 11. HP: 86/86 MP: 11/11
  9365 | D:10     | Reached skill level 1 in Polearms
  9395 | D:10     | Noticed a two-headed ogre
  9401 | D:10     | Killed a two-headed ogre
  9597 | D:10     | Found Ojoezocu's Assorted Antiques.
  9702 | D:10     | Killed Maurice
  9705 | D:10     | Got a pitted long sword {freeze}
  9706 | D:10     | Identified the +6 long sword "Iliw Abb" {freeze, rN+ MR+} (You took it off Maurice on level 10 of the Dungeon)
 10007 | D:11     | Noticed a two-headed ogre
 10021 | D:11     | Killed a two-headed ogre
 10026 | D:11     | Received a gift from Trog
 10149 | D:11     | Noticed a two-headed ogre
 10167 | D:11     | Killed a two-headed ogre
 10378 | D:11     | Noticed a two-headed ogre
 10386 | D:11     | Killed a two-headed ogre
 10846 | D:12     | Noticed a five-headed hydra
 10846 | D:12     | Noticed an eight-headed hydra
 10857 | D:11     | Killed a one-headed hydra
 10973 | D:11     | Reached skill level 8 in Shields
 11031 | D:12     | Killed a three-headed hydra
 11031 | D:12     | Gained mutation: You are partially covered in large bone plates. (SH +4) [demonic ancestry]
 11031 | D:12     | Reached XP level 12. HP: 95/95 MP: 12/12
 11857 | D:12     | Reached skill level 1 in Axes
 11873 | D:12     | Found a portal to a secret trove of treasure.
 11951 | Orc:1    | Entered Level 1 of the Orcish Mines
 12192 | Orc:1    | Found Fuuh's Book Boutique.
 12213 | Orc:1    | Found a roughly hewn altar of Beogh.
 12462 | Orc:2    | Entered Level 2 of the Orcish Mines
 12466 | Orc:2    | Noticed troglodite's ghost (journeyman DsBe)
 13718 | Orc:2    | Killed troglodite's ghost
 13857 | Orc:2    | Noticed an orc high priest
 13865 | Orc:2    | Killed an orc high priest
 13865 | Orc:2    | Reached skill level 9 in Shields
 13867 | Orc:2    | Received a gift from Trog
 14066 | Orc:2    | Found a staircase to the Elven Halls.
 14305 | Orc:1    | Noticed a two-headed ogre
 14314 | Orc:2    | Killed a two-headed ogre
 14634 | Orc:1    | Noticed an ettin
 14646 | Orc:1    | Killed an ettin
 15020 | Orc:2    | Noticed Azrael
 15023 | Orc:2    | Noticed Nessos
 15035 | Orc:2    | Killed Azrael
 15077 | Orc:2    | Killed Nessos
 15203 | Orc:2    | Reached skill level 10 in Fighting
 15212 | Orc:2    | Noticed an orc high priest
 15220 | Orc:2    | Killed an orc high priest
 15220 | Orc:2    | Reached skill level 10 in Shields
 15220 | Orc:2    | Gained mutation: You are mostly covered in large bone plates. (SH +6) [demonic ancestry]
 15220 | Orc:2    | Reached XP level 13. HP: 66/103 MP: 13/13
 15225 | Orc:2    | Noticed Saint Roka
 15565 | Orc:2    | Killed Saint Roka
 15930 | Orc:2    | Found a roughly hewn altar of Beogh.
 15934 | Orc:2    | Found Ziutt's Antique Armour Boutique.
 15945 | Orc:2    | Found Welerret's Jewellery Boutique.
 15971 | Orc:2    | Found Usoclei's General Store.
 15991 | Orc:2    | Found Malap's Antique Weapon Boutique.
 16322 | Orc:2    | Bought the ring "Tage Hor" {rPois Dex+3 SInv} for 487 gold pieces
 16377 | Lair:1   | Entered Level 1 of the Lair of Beasts
 16399 | Lair:1   | Received a gift from Trog
 16416 | Lair:1   | Got an iridescent scimitar {god gift}
 16755 | Lair:1   | Got an encrusted ring mail
 16766 | Lair:1   | Identified the +2 ring mail of Noon {rN+ Int+3} (You found it on level 1 of the Lair of Beasts)
 16780 | Lair:1   | Identified the +10 scimitar of the Extremely Mad {chaos, +Inv rC- Stlth+} (Trog gifted it to you on level 1 of the Lair of Beasts)
 16918 | Lair:1   | Reached skill level 10 in Long Blades
 17429 | Lair:2   | Found a labyrinth entrance.
 17456 | Lab      | Entered a labyrinth
 17495 | Lab      | Reached skill level 11 in Shields
 17532 | Lab      | Received a gift from Trog
 17588 | Lab      | Noticed a minotaur
 17595 | Lab      | Killed a minotaur
 17628 | Lab      | Identified Len Ryil's Compendium of Enchantment
 17629 | Lab      | Got an ancient lead amulet
 17630 | Lab      | Got an ancient leather armour
 17630 | Lab      | Got a pair of brightly glowing gloves
 17630 | Lab      | Got a warped leather armour
 17667 | Lab      | Identified the cursed -5 pair of gloves of Toakiafo {+Fly rC- Slay+6} (You found it in a labyrinth)
 17668 | Lab      | Identified the amulet "Meith" {Inacc +Fly Dex-3 Stlth+} (You found it in a labyrinth)
 17669 | Lab      | Identified the cursed +1 leather armour of Dogmatism {rC+ MR+ Slay-3} (You found it in a labyrinth)
 17670 | Lab      | Identified the +3 leather armour of Divine Intervention {Regen+ Str+6 Int+2 Slay+2} (You found it in a labyrinth)
 19018 | Lair:3   | Noticed Fannar
 19034 | Lair:3   | Killed Fannar
 19350 | Lair:3   | Found a hole to the Spider Nest.
 19602 | Lair:4   | Reached skill level 10 in Armour
 19904 | Lair:4   | Gained mutation: You have a pair of large horns on your head. [demonic ancestry]
 19904 | Lair:4   | Reached XP level 14. HP: 97/111 MP: 11/14
 19935 | Lair:4   | Found an iron altar of Okawaru.
 20037 | Lair:4   | Found a staircase to the Shoals.
 20291 | Lair:4   | Got a faintly glowing buckler
 20302 | Lair:4   | Identified the +3 buckler "Kaoq" {+Blink rC+} (You found it on level 4 of the Lair of Beasts)
 20641 | Lair:5   | Received a gift from Trog
 21363 | Lair:6   | Entered Level 6 of the Lair of Beasts
 21456 | Lair:6   | Reached skill level 12 in Shields
 22095 | Lair:6   | Found a staircase to the Slime Pits.
 22113 | Lair:6   | Reached ****** piety under Trog
 22752 | Lair:6   | Identified a scroll of acquirement
 22757 | Lair:6   | Got a flickering amethyst amulet
 22758 | Lair:6   | Identified the amulet "Puguyki" {RegenMP Dex+3 Stlth+} (You acquired it on level 6 of the Lair of Beasts)
 22823 | Shoals:1 | Entered Level 1 of the Shoals
 22872 | Shoals:1 | Noticed a kraken
 22903 | Shoals:1 | Killed a kraken
 23680 | Shoals:2 | Reached XP level 15. HP: 58/120 MP: 5/15
 24449 | Shoals:2 | Reached skill level 10 in Dodging
 24790 | Shoals:2 | Reached skill level 13 in Shields
 25132 | Shoals:2 | Noticed a kraken
 25169 | Shoals:2 | Killed a kraken
 25741 | Shoals:3 | Noticed xccam's ghost (adept MiMo)
 26428 | Shoals:3 | Killed xccam's ghost
 27516 | Shoals:4 | Entered Level 4 of the Shoals
 27864 | Shoals:4 | Noticed Ilsuiw
 27891 | Shoals:4 | Killed Ilsuiw
 28016 | Shoals:4 | Reached skill level 14 in Shields
 28016 | Shoals:4 | Reached XP level 16. HP: 129/129 MP: 16/16
 28068 | Shoals:4 | Got a barnacled rune of Zot
 28463 | Shoals:4 | Got a scintillating silver ring
 28674 | Shoals:4 | Identified the ring of Uniwnusm {Ice Str+4 Int+3} (You found it on level 4 of the Shoals)
 29092 | Shoals:4 | Received a gift from Trog
 30062 | Spider:1 | Entered Level 1 of the Spider Nest
 30216 | Spider:1 | Received a gift from Trog
 30433 | Spider:1 | Noticed 1994's ghost (journeyman DrTm)
 30454 | Spider:1 | Killed 1994's ghost
 30826 | Spider:1 | Noticed Louise
 30839 | Spider:1 | Killed Louise
 31416 | Spider:2 | Noticed Kirke
 31423 | Spider:2 | Killed Kirke
 31573 | Spider:2 | Reached skill level 15 in Shields
 31606 | Spider:2 | Found a frozen archway.
 31624 | IceCv    | Entered an ice cave
 33002 | Spider:2 | Noticed Arachne
 33012 | Spider:2 | Killed Arachne
 33012 | Spider:2 | Gained mutation: You may emit foul miasma when damaged in melee. [demonic ancestry]
 33012 | Spider:2 | Reached XP level 17. HP: 137/137 MP: 17/17
 33200 | Spider:2 | Noticed Agnes
 33204 | Spider:2 | Reached skill level 1 in Evocations
 33216 | Spider:2 | Killed Agnes
 33323 | Spider:2 | Received a gift from Trog
 33326 | Spider:2 | Got an ancient double sword {god gift}
 33327 | Spider:2 | Identified the +11 double sword of Puehulash {venom, Int+2} (Trog gifted it to you on level 2 of the Spider Nest)
 33396 | Spider:2 | Noticed Jorgrun
 33407 | Spider:2 | Killed Jorgrun
 33990 | Spider:3 | Found a transporter.
 34708 | Spider:3 | Cast into level 4 of the Abyss (the power of Zot)
 34975 | Abyss:4  | Noticed a lich
 34986 | Abyss:4  | Killed a lich
 35023 | Abyss:4  | Noticed a bone dragon
 35045 | Abyss:4  | Killed a bone dragon
 35045 | Abyss:4  | Received a gift from Trog
 35117 | Abyss:4  | Noticed a lich
 35122 | Abyss:4  | Mangled by a phantasmal warrior

Skill      XL: |  1  2  3  4  5  6  7  8  9 10 11 12 13 14 15 16 17 |
---------------+----------------------------------------------------+-----
Long Blades    | 3 4 5 6 7 8 9 10 11 12 13 | 13.3
Dodging        | 2 3 4 5 6 7 8 9 10 11 | 11.6
Armour         | 2 3 4 5 6 7 8 9 10 11 12 | 12.4
Fighting       | 4 5 6 7 8 9 10 11 12 13 | 13.6
Shields        | 1 2 4 5 7 8 10 11 12 14 15 | 15.8
Stealth        | 1 2 3 4 |  4.2
Polearms       | 2 |  2.2
Axes           | 1 |  1.5
Evocations     | 1 |  1.1

Action                   |  1- 3 |  4- 6 |  7- 9 | 10-12 | 13-15 | 16-18 || total
-------------------------+-------+-------+-------+-------+-------+-------++-------
Melee: Falchion          |    44 |   115 |   137 |       |       |       ||   296
       Headbutt          |     6 |    23 |    75 |   191 |   447 |   295 ||  1037
       Scimitar          |       |       |   180 |   132 |  1237 |   608 ||  2157
       Trident           |       |       |       |    79 |       |       ||    79
       Hand axe          |       |       |       |    33 |       |       ||    33
       Long sword        |       |       |       |   511 |    84 |       ||   595
       Double sword      |       |       |       |       |       |   186 ||   186
Invok: Berserk           |     2 |     5 |    10 |    22 |    18 |     9 ||    66
       Burn Spellbooks   |       |       |       |     1 |     3 |     2 ||     6
       Brothers in Arms  |       |       |       |     5 |     5 |     3 ||    13
       Trog's Hand       |       |       |       |       |     1 |       ||     1
 Abil: Evoke Blink       |       |       |       |       |     1 |       ||     1
       Evoke Flight      |       |       |       |       |       |     3 ||     3
  Use: Scroll            |       |       |     7 |    12 |    20 |     4 ||    43
       Potion            |       |       |       |       |     1 |     5 ||     6
 Stab: Sleeping          |     1 |       |       |       |       |       ||     1
       Paralysed         |       |       |       |       |    17 |     8 ||    25
       Petrified         |       |       |       |       |     2 |       ||     2
       Distracted        |       |       |       |       |     2 |       ||     2
       Confused          |       |       |       |       |     2 |     2 ||     4
       Petrifying        |       |       |       |       |     1 |     9 ||    10
  Eat: Chunk             |     8 |    12 |    32 |    30 |    34 |    20 ||   136
       Ration            |       |       |       |     3 |     9 |     4 ||    16
Armor: Animal skin       |    16 |    14 |       |       |       |       ||    30
       Ring mail         |       |     8 |    40 |       |       |       ||    48
       Chain mail        |       |       |    80 |    47 |    11 |       ||   138
       Plate armour      |       |       |       |   379 |   595 |   469 ||  1443
       Leather armour    |       |       |       |       |     1 |       ||     1
Dodge: Dodged            |    28 |    42 |    94 |   219 |   480 |   409 ||  1272
Block: Shield            |       |    33 |   196 |   651 |   407 |       ||  1287
       Buckler           |       |       |       |       |   856 |   817 ||  1673
       Rpst.: Falchion   |     4 |     8 |     9 |       |       |       ||    21
       Scimitar          |       |       |     9 |     9 |   105 |    39 ||   162
       Long sword        |       |       |       |    40 |    11 |       ||    51
       Double sword      |       |       |       |       |       |    25 ||    25
